Avalanche vs Flames

Created - February 12, 2017 at 10:06

Goals
1 2 3 T
Avalanche 1 1 0 2
Flames 2 0 1 3
Shots
1 2 3 T
Avalanche 15 5 9 29
Flames 10 15 7 32

1st period

1. Flames , Kevan Miller 2 (Gabriel Bourque) at 3:18
2. Avalanche , David Backes 20 (Sami Vatanen, Martin Hanzal) at 14:16 (PP)
3. Flames , Gabriel Bourque 9 (Peter Holland, Kevan Miller) at 16:25

Penalties :
Josh Gorges (CGY) for Interference (Minor) at 3:53, Dustin Brown (CGY) for Interference (Minor) at 14:06, James van Riemsdyk (CGY) for High sticking (Minor) at 16:39, Riley Sheahan (COL) for Hooking (Minor) at 19:18

2nd period

4. Avalanche , Tomas Hertl 11 (Tyson Barrie, Max Domi) at 18:25

Penalties :
Dustin Brown (CGY) for Roughing (Minor) at 6:02, Sami Vatanen (COL) for Boarding (Minor) at 8:20, Kevin Shattenkirk (COL) for Holding (Minor) at 14:26, Martin Hanzal (COL) for Holding (Minor) at 18:56

3rd period

5. Flames , Gabriel Bourque 10 (Peter Holland, Devante Smith-Pelly) at 13:00 (PP)

Penalties :
Jared Spurgeon (CGY) for Holding (Minor) at 1:17, Kevin Bieksa (COL) for Slashing (Double Minor) at 9:13, Mark Stuart (COL) for Slashing (Minor) at 13:08

Goalie Stats

Jake Allen (COL), 29 saves from 32 shots - (0.906), L, 21-10-2, 58:44 minutes
Andrei Vasilevskiy (CGY), 27 saves from 29 shots - (0.931), W, 5-3-0, 60:00 minutes

Players Stats for Avalanche

Player Name              G  A  P  +/- PIM S  H  SB GA TA FO     MP     PP MP  PK MP  
------------------------------------------------------------------------------------
Alexander Steen          0  0  0   0  0   6  0  0  0  0  0/0    21:52   3:55   6:48 
David Backes             1  0  1  -2  0   4  1  1  0  0  2/2    17:29   2:56   0:36 
Derek Stepan             0  0  0  -2  0   6  0  0  0  0  12/20  19:17   4:26   0:00 
Dylan Larkin             0  0  0   1  0   0  0  0  0  0  2/4     8:30   0:00   1:54 
Jaccob Slavin            0  0  0   0  0   0  0  4  0  0  0/0    18:59   0:00   5:50 
Jeff Skinner             0  0  0  -2  0   0  0  0  0  0  0/0    19:02   4:11   0:00 
Joakim Nordstrom         0  0  0   0  0   0  2  1  0  0  0/2    12:30   0:00   6:54 
Kevin Bieksa             0  0  0   0  4   1  3  2  0  0  0/0    22:27   0:00   5:47 
Kevin Shattenkirk        0  0  0   0  2   1  3  0  0  0  0/0    22:38   5:08   2:49 
Mark Stuart              0  0  0  -1  2   0  2  0  0  0  0/0    15:07   0:58   4:39 
Martin Hanzal            0  1  1   0  2   1  2  0  0  0  12/21  14:48   3:40   0:00 
Mats Zuccarello          0  0  0   0  0   4  1  0  0  0  0/0    17:13   5:10   0:00 
Matt Cullen              0  0  0   0  0   0  0  1  0  0  6/13   12:30   0:00   6:18 
Max Domi                 0  1  1   1  0   2  1  0  0  0  0/0     6:36   0:00   0:00 
Riley Sheahan            0  0  0   0  2   0  0  1  0  0  4/9    11:05   0:00   5:30 
Sami Vatanen             0  1  1  -1  2   0  0  0  0  0  0/0    14:34   2:27   1:18 
Tomas Hertl              1  0  1   1  0   4  0  0  0  0  3/5    11:17   4:41   0:00 
Tyson Barrie             0  1  1   0  0   0  0  2  0  0  0/0    20:18   2:58   6:25 

Players Stats for Flames

Player Name              G  A  P  +/- PIM S  H  SB GA TA FO     MP     PP MP  PK MP  
------------------------------------------------------------------------------------
Alec Martinez            0  0  0   0  0   0  2  2  0  0  0/0    23:10   6:58   4:03 
Andrej Nestrasil         0  0  0   0  0   0  0  0  0  0  5/6     4:12   0:00   1:04 
Antoine Vermette         0  0  0  -1  0   0  1  0  0  0  11/18  17:58   6:15   0:00 
Brady Skjei              0  0  0   0  0   0  0  0  0  0  0/0     2:23   0:26   0:00 
Daniel Carr              0  0  0   0  0   1  1  0  0  0  0/0     2:27   0:00   0:00 
Devante Smith-Pelly      0  1  1   2  0   0  1  0  0  0  1/2    13:44   0:26   0:08 
Dustin Brown             0  0  0  -1  4   2  5  0  0  0  0/1    17:56   6:15   0:00 
Gabriel Bourque          2  1  3   2  0   2  1  1  0  0  0/0    13:23   0:26   0:28 
James van Riemsdyk       0  0  0   0  2   6  1  0  0  0  1/2    21:29   7:01   3:37 
Jared Spurgeon           0  0  0  -1  2   2  0  0  0  0  0/0    20:40   6:18   3:05 
Jarome Iginla            0  0  0  -1  0   1  1  0  0  0  0/1    20:55   6:15   2:57 
John Carlson             0  0  0   0  0   3  0  4  0  0  0/0    25:07   6:58   4:03 
Josh Gorges              0  0  0   2  2   1  1  3  0  0  0/0    13:13   0:26   0:00 
Justin Faulk             0  0  0  -1  0   2  0  2  0  0  0/0    21:39   6:18   4:03 
Kevan Miller             1  1  2   2  0   2  5  2  0  0  0/0    13:46   0:00   0:58 
Kyle Palmieri            0  0  0   0  0   5  3  0  0  0  0/3    20:30   6:41   2:57 
Mike Cammalleri          0  0  0   0  0   3  0  0  0  0  14/35  25:18   7:01   5:01 
Peter Holland            0  2  2   2  0   2  0  0  0  0  3/8    13:59   0:46   0:00 

3 Stars

1 - Gabriel Bourque (CGY)
2 - Kevan Miller (CGY)
3 - Peter Holland (CGY)

Power Play

Avalanche - 1 on 5 Attempt(s) - 20.00%
Flames - 1 on 7 Attempt(s) - 14.29%

Penalty Kill

Avalanche - 6 on 7 Attempt(s) - 85.71% - Score 0 goal in Penalty Kill
Flames - 4 on 5 Attempt(s) - 80.00% - Score 0 goal in Penalty Kill

Team Stat

Avalanche - Hits : 15 - Faceoff Wins : 41 - Blocked Shots : 12 - Penalty Minutes : 14
Flames - Hits : 22 - Faceoff Wins : 35 - Blocked Shots : 14 - Penalty Minutes : 10

Official

Referees : Marc Joannette and Chris Rooney
Linesman : Vaughan Rody and Steve Barton

Game Notes

Sami Vatanen is injured at 14:41 of 2nd period (Right Hip)

Finance

Level 1 -- Attendance: 6500 (100.00%) -- Ticket Income $650,000
Level 2 -- Attendance: 5000 (100.00%) -- Ticket Income $275,000
Level 3 -- Attendance: 3144 (89.83%) -- Ticket Income $141,480
Level 4 -- Attendance: 2819 (85.71%) -- Ticket Income $70,475
Luxury Box -- Attendance: 1000 (100.00%) -- Ticket Income $150,000
Game was played at the Scotiabank Saddledome.
Total Attendance: 18463 (95.72%)
Total Ticket Income: $1,286,955
Other Income: $193,043
Total Income: $1,479,998

% Time on Ice - Avalanche

Lines # - Real PCT - Wanted PCT - Time Play
Normal Forward
1 - 37% - 40% - 13:57
2 - 30% - 30% - 11:09
3 - 18% - 20% - 6:36
4 - 15% - 10% - 5:36
Normal Defense
1 - 43% - 40% - 16:09
2 - 34% - 30% - 12:52
3 - 20% - 20% - 7:28
4 - 2% - 10% - 0:49
PP Forward
1 - 55% - 50% - 4:26
2 - 45% - 50% - 3:40
PP Defense
1 - 37% - 50% - 2:58
2 - 63% - 50% - 5:08
PK Forward
1 - 50% - 50% - 6:54
2 - 50% - 50% - 6:48
PK Defense
1 - 70% - 55% - 9:34
2 - 30% - 45% - 4:08
PK3 Forward
1 - 0% - 50%
2 - 0% - 50%
PK3 Defense
1 - 0% - 60%
2 - 0% - 40%
44 Forward
1 - 0% - 50%
2 - 0% - 50%
44 Defense
1 - 0% - 50%
2 - 0% - 50%
Last Minute Offensive  - 0:54
Last Minute Defensive  - 0:00
Total
Forward - 60:00
Defense - 60:00

% Time on Ice - Flames

Lines # - Real PCT - Wanted PCT - Time Play
Normal Forward
1 - 29% - 40% - 10:52
2 - 31% - 30% - 11:43
3 - 33% - 20% - 12:29
4 - 7% - 10% - 2:27
Normal Defense
1 - 31% - 40% - 11:28
2 - 30% - 30% - 11:18
3 - 34% - 20% - 12:48
4 - 5% - 10% - 1:57
PP Forward
1 - 51% - 60% - 7:01
2 - 49% - 40% - 6:41
PP Defense
1 - 51% - 60% - 6:58
2 - 49% - 40% - 6:44
PK Forward
1 - 64% - 60% - 5:09
2 - 36% - 40% - 2:57
PK Defense
1 - 50% - 60% - 4:03
2 - 50% - 40% - 4:03
PK3 Forward
1 - 0% - 60%
2 - 0% - 40%
PK3 Defense
1 - 0% - 60%
2 - 0% - 40%
44 Forward
1 - 0% - 60%
2 - 0% - 40%
44 Defense
1 - 0% - 60%
2 - 0% - 40%
Last Minute Offensive  - 0:00
Last Minute Defensive  - 0:41
Total
Forward - 60:00
Defense - 60:00

Play by Play

1st period


0:01 of 1st period - Mike Cammalleri wins face-off versus Derek Stepan in neutral zone.
0:06 of 1st period - Shot by Kyle Palmieri.
0:06 of 1st period - Stopped by Jake Allen without a rebound.
0:07 of 1st period - Martin Hanzal wins face-off versus Antoine Vermette in Avalanche zone.
0:07 of 1st period - Martin Hanzal is hit by Jarome Iginla.
0:23 of 1st period - Justin Faulk is hit by Martin Hanzal and loses puck.
0:28 of 1st period - Shot by Alexander Steen.
0:28 of 1st period - Stopped by Andrei Vasilevskiy with a rebound.
0:30 of 1st period - Shot by Alexander Steen.
0:30 of 1st period - Shot Misses the Net.
0:52 of 1st period - Antoine Vermette is hit by Martin Hanzal and loses puck.
1:35 of 1st period - Shot by Derek Stepan.
1:35 of 1st period - Shot Misses the Net.
1:41 of 1st period - Shot by Derek Stepan.
1:41 of 1st period - Stopped by Andrei Vasilevskiy without a rebound.
1:42 of 1st period - Mike Cammalleri wins face-off versus Dylan Larkin in Flames zone.
1:46 of 1st period - Alec Martinez is hit by Mark Stuart and loses puck.
1:53 of 1st period - Shot by James van Riemsdyk.
1:53 of 1st period - Stopped by Jake Allen with a rebound.
1:55 of 1st period - Shot by Alec Martinez.
1:55 of 1st period - Shot Blocked by Tyson Barrie.
1:57 of 1st period - Shot by John Carlson.
1:57 of 1st period - Shot Misses the Net.
1:59 of 1st period - Shot by Mike Cammalleri.
1:59 of 1st period - Stopped by Jake Allen with a rebound.
2:01 of 1st period - Shot by John Carlson.
2:01 of 1st period - Stopped by Jake Allen without a rebound.
2:02 of 1st period - Peter Holland wins face-off versus Matt Cullen in Avalanche zone.
2:09 of 1st period - Shot by Devante Smith-Pelly.
2:09 of 1st period - Deflect By Peter Holland.
2:09 of 1st period - Shot Blocked by Jaccob Slavin.
2:11 of 1st period - Shot by Kevan Miller.
2:11 of 1st period - Stopped by Jake Allen without a rebound.
2:12 of 1st period - Tomas Hertl wins face-off versus Mike Cammalleri in Avalanche zone.
3:00 of 1st period - Icing by Alec Martinez.
3:01 of 1st period - Derek Stepan wins face-off versus Mike Cammalleri in Flames zone.
3:18 of 1st period - Shot by Kevan Miller.
3:18 of 1st period - Goal by Kevan Miller - Avalanche : 0 - Flames : 1.
3:19 of 1st period - Peter Holland wins face-off versus Matt Cullen in neutral zone.
3:48 of 1st period - Shot by Jaccob Slavin.
3:48 of 1st period - Shot Blocked by Josh Gorges.
3:50 of 1st period - Shot by Joakim Nordstrom.
3:50 of 1st period - Shot Blocked by Josh Gorges.
3:52 of 1st period - Shot by Matt Cullen.
3:52 of 1st period - Shot Blocked by Josh Gorges.
3:53 of 1st period - Minor Penalty to Josh Gorges for Interference.
3:54 of 1st period - Derek Stepan wins face-off versus Mike Cammalleri in Flames zone.
3:55 of 1st period - Shot by Sami Vatanen.
3:55 of 1st period - Shot Misses the Net.
3:59 of 1st period - Shot by Derek Stepan.
3:59 of 1st period - Stopped by Andrei Vasilevskiy without a rebound.
4:00 of 1st period - Mike Cammalleri wins face-off versus Martin Hanzal in Flames zone.
5:14 of 1st period - Off-side.
5:15 of 1st period - Mike Cammalleri wins face-off versus Derek Stepan in neutral zone.
5:32 of 1st period - Shot by Mats Zuccarello.
5:32 of 1st period - Shot Misses the Net.
5:42 of 1st period - Shot by Derek Stepan.
5:42 of 1st period - Shot Misses the Net.
5:44 of 1st period - Shot by Jeff Skinner.
5:44 of 1st period - Shot Misses the Net.
6:10 of 1st period - Devante Smith-Pelly is hit by Joakim Nordstrom and loses puck.
6:51 of 1st period - Shot by Martin Hanzal.
6:51 of 1st period - Shot Blocked by Kevan Miller.
7:29 of 1st period - Mats Zuccarello is hit by Alec Martinez and loses puck.
7:47 of 1st period - Derek Stepan is hit by Alec Martinez and loses puck.
8:12 of 1st period - Shot by Jeff Skinner.
8:12 of 1st period - Shot Misses the Net.
8:31 of 1st period - Icing by Dustin Brown.
8:32 of 1st period - Tomas Hertl wins face-off versus Antoine Vermette in Flames zone.
8:55 of 1st period - Shot by James van Riemsdyk.
8:55 of 1st period - Deflect By Mike Cammalleri.
8:55 of 1st period - Shot Misses the Net.
9:01 of 1st period - Shot by Max Domi.
9:01 of 1st period - Stopped by Andrei Vasilevskiy without a rebound.
9:02 of 1st period - Andrej Nestrasil wins face-off versus Matt Cullen in Flames zone.
10:01 of 1st period - Shot by Devante Smith-Pelly.
10:01 of 1st period - Deflect By Peter Holland.
10:01 of 1st period - Stopped by Jake Allen without a rebound.
10:02 of 1st period - Derek Stepan wins face-off versus Mike Cammalleri in Avalanche zone.
10:28 of 1st period - Off-side.
10:29 of 1st period - Martin Hanzal wins face-off versus Peter Holland in neutral zone.
10:32 of 1st period - Shot by Alexander Steen.
10:32 of 1st period - Deflect By Martin Hanzal.
10:32 of 1st period - Shot Misses the Net.
10:55 of 1st period - Shot by Peter Holland.
10:55 of 1st period - Stopped by Jake Allen without a rebound.
10:56 of 1st period - Derek Stepan wins face-off versus Antoine Vermette in Avalanche zone.
12:33 of 1st period - Shot by Kyle Palmieri.
12:33 of 1st period - Shot Misses the Net.
12:49 of 1st period - Icing by Alec Martinez.
12:50 of 1st period - Mike Cammalleri wins face-off versus Tomas Hertl in Flames zone.
13:47 of 1st period - Shot by Jeff Skinner.
13:47 of 1st period - Shot Misses the Net.
13:49 of 1st period - Shot by David Backes.
13:49 of 1st period - Stopped by Andrei Vasilevskiy with a rebound.
13:59 of 1st period - Shot by Derek Stepan.
13:59 of 1st period - Stopped by Andrei Vasilevskiy without a rebound.
14:00 of 1st period - Matt Cullen wins face-off versus Antoine Vermette in Flames zone.
14:06 of 1st period - Minor Penalty to Dustin Brown for Interference.
14:07 of 1st period - Martin Hanzal wins face-off versus Mike Cammalleri in Flames zone.
14:08 of 1st period - Shot by David Backes.
14:08 of 1st period - Deflect By Martin Hanzal.
14:08 of 1st period - Shot Misses the Net.
14:10 of 1st period - Shot by Tomas Hertl.
14:10 of 1st period - Stopped by Andrei Vasilevskiy without a rebound.
14:11 of 1st period - Martin Hanzal wins face-off versus Mike Cammalleri in Flames zone.
14:12 of 1st period - Shot by Sami Vatanen.
14:12 of 1st period - Shot Blocked by John Carlson.
14:14 of 1st period - Shot by David Backes.
14:14 of 1st period - Shot Misses the Net.
14:16 of 1st period - Shot by David Backes.
14:16 of 1st period - Goal by David Backes - Avalanche : 1 - Flames : 1.
14:17 of 1st period - Derek Stepan wins face-off versus Kyle Palmieri in neutral zone.
14:17 of 1st period - Derek Stepan is hit by Kyle Palmieri.
14:47 of 1st period - Kyle Palmieri is hit by Kevin Bieksa and loses puck.
15:33 of 1st period - Shot by Dustin Brown.
15:33 of 1st period - Stopped by Jake Allen with a rebound.
15:48 of 1st period - Antoine Vermette is hit by Kevin Bieksa and loses puck.
16:07 of 1st period - Shot by Peter Holland.
16:07 of 1st period - Shot Misses the Net.
16:09 of 1st period - Shot by Gabriel Bourque.
16:09 of 1st period - Shot Misses the Net.
16:11 of 1st period - Shot by Devante Smith-Pelly.
16:11 of 1st period - Shot Misses the Net.
16:13 of 1st period - Shot by Gabriel Bourque.
16:13 of 1st period - Shot Misses the Net.
16:25 of 1st period - Shot by Peter Holland.
16:25 of 1st period - Deflect By Gabriel Bourque.
16:25 of 1st period - Goal by Gabriel Bourque - Avalanche : 1 - Flames : 2.
16:26 of 1st period - Martin Hanzal wins face-off versus Andrej Nestrasil in neutral zone.
16:30 of 1st period - Off-side.
16:31 of 1st period - Mike Cammalleri wins face-off versus Martin Hanzal in neutral zone.
16:39 of 1st period - Minor Penalty to James van Riemsdyk for High sticking.
16:40 of 1st period - Martin Hanzal wins face-off versus Mike Cammalleri in Flames zone.
16:41 of 1st period - Shot by Kevin Shattenkirk.
16:41 of 1st period - Deflect By Mats Zuccarello.
16:41 of 1st period - Stopped by Andrei Vasilevskiy without a rebound.
16:42 of 1st period - Martin Hanzal wins face-off versus Mike Cammalleri in Flames zone.
16:45 of 1st period - Shot by Alexander Steen.
16:45 of 1st period - Stopped by Andrei Vasilevskiy without a rebound.
16:46 of 1st period - Martin Hanzal wins face-off versus Mike Cammalleri in Flames zone.
16:53 of 1st period - Shot by Tomas Hertl.
16:53 of 1st period - Shot Blocked by John Carlson.
17:15 of 1st period - Shot by Tomas Hertl.
17:15 of 1st period - Shot Misses the Net.
17:17 of 1st period - Shot by Tomas Hertl.
17:17 of 1st period - Shot Blocked by Justin Faulk.
17:19 of 1st period - Shot by Tomas Hertl.
17:19 of 1st period - Stopped by Andrei Vasilevskiy with a rebound.
17:21 of 1st period - Shot by Alexander Steen.
17:21 of 1st period - Stopped by Andrei Vasilevskiy with a rebound.
17:23 of 1st period - Shot by Alexander Steen.
17:23 of 1st period - Stopped by Andrei Vasilevskiy without a rebound.
17:24 of 1st period - Mike Cammalleri wins face-off versus Martin Hanzal in Flames zone.
18:23 of 1st period - Shot by Derek Stepan.
18:23 of 1st period - Stopped by Andrei Vasilevskiy without a rebound.
18:24 of 1st period - Derek Stepan wins face-off versus Devante Smith-Pelly in Flames zone.
18:25 of 1st period - Shot by Mats Zuccarello.
18:25 of 1st period - Stopped by Andrei Vasilevskiy with a rebound.
18:57 of 1st period - Kevan Miller is hit by Joakim Nordstrom and loses puck.
19:18 of 1st period - Minor Penalty to Riley Sheahan for Hooking.
19:19 of 1st period - Mike Cammalleri wins face-off versus Dylan Larkin in Avalanche zone.
Goals for this period are 1 for Avalanche vs 2 for Flames.
Shots for this period are 15 for Avalanche vs 10 for Flames.

2nd period


0:01 of 2nd period - Dylan Larkin wins face-off versus Mike Cammalleri in neutral zone.
0:17 of 2nd period - Shot by Mike Cammalleri.
0:17 of 2nd period - Shot Hit the Post.
0:25 of 2nd period - Shot by James van Riemsdyk.
0:25 of 2nd period - Shot Misses the Net.
0:27 of 2nd period - Shot by James van Riemsdyk.
0:27 of 2nd period - Stopped by Jake Allen without a rebound.
0:28 of 2nd period - Matt Cullen wins face-off versus Antoine Vermette in Avalanche zone.
0:28 of 2nd period - Matt Cullen is hit by Dustin Brown.
1:20 of 2nd period - Icing by Jaccob Slavin.
1:21 of 2nd period - Mike Cammalleri wins face-off versus Derek Stepan in Avalanche zone.
1:38 of 2nd period - Shot by Kyle Palmieri.
1:38 of 2nd period - Stopped by Jake Allen without a rebound.
1:39 of 2nd period - Martin Hanzal wins face-off versus Peter Holland in Avalanche zone.
1:43 of 2nd period - Sami Vatanen is hit by Kevan Miller and loses puck.
1:51 of 2nd period - Mats Zuccarello is hit by Kevan Miller and loses puck.
2:05 of 2nd period - Alexander Steen is hit by Josh Gorges and loses puck.
2:14 of 2nd period - Shot by Mats Zuccarello.
2:14 of 2nd period - Stopped by Andrei Vasilevskiy without a rebound.
2:15 of 2nd period - Mike Cammalleri wins face-off versus Derek Stepan in Flames zone.
2:15 of 2nd period - Mike Cammalleri is hit by David Backes.
2:22 of 2nd period - Off-side.
2:23 of 2nd period - David Backes wins face-off versus Mike Cammalleri in neutral zone.
2:48 of 2nd period - Shot by David Backes.
2:48 of 2nd period - Stopped by Andrei Vasilevskiy without a rebound.
2:49 of 2nd period - Antoine Vermette wins face-off versus Martin Hanzal in Flames zone.
3:02 of 2nd period - Shot by Jarome Iginla.
3:02 of 2nd period - Stopped by Jake Allen with a rebound.
3:23 of 2nd period - Off-side.
3:24 of 2nd period - David Backes wins face-off versus Mike Cammalleri in neutral zone.
3:43 of 2nd period - James van Riemsdyk is hit by Kevin Shattenkirk and loses puck.
4:09 of 2nd period - Shot by Kyle Palmieri.
4:09 of 2nd period - Stopped by Jake Allen with a rebound.
4:44 of 2nd period - Shot by Alexander Steen.
4:44 of 2nd period - Shot Misses the Net.
4:46 of 2nd period - Shot by Alexander Steen.
4:46 of 2nd period - Shot Misses the Net.
4:48 of 2nd period - Shot by Sami Vatanen.
4:48 of 2nd period - Shot Blocked by Gabriel Bourque.
4:50 of 2nd period - Shot by Kevin Bieksa.
4:50 of 2nd period - Shot Blocked by Justin Faulk.
5:57 of 2nd period - Shot by Antoine Vermette.
5:57 of 2nd period - Shot Misses the Net.
6:02 of 2nd period - Minor Penalty to Dustin Brown for Roughing.
6:03 of 2nd period - Derek Stepan wins face-off versus James van Riemsdyk in Flames zone.
6:06 of 2nd period - Shot by Tomas Hertl.
6:06 of 2nd period - Shot Blocked by Alec Martinez.
6:16 of 2nd period - John Carlson is hit by Mats Zuccarello and loses puck.
7:40 of 2nd period - Shot by Derek Stepan.
7:40 of 2nd period - Shot Misses the Net.
7:55 of 2nd period - Shot by Mats Zuccarello.
7:55 of 2nd period - Stopped by Andrei Vasilevskiy with a rebound.
7:57 of 2nd period - Shot by Mark Stuart.
7:57 of 2nd period - Shot Misses the Net.
8:20 of 2nd period - Minor Penalty to Sami Vatanen for Boarding.
8:21 of 2nd period - Mike Cammalleri wins face-off versus Matt Cullen in Avalanche zone.
8:40 of 2nd period - Shot by James van Riemsdyk.
8:40 of 2nd period - Stopped by Jake Allen without a rebound.
8:41 of 2nd period - Antoine Vermette wins face-off versus Riley Sheahan in Avalanche zone.
8:46 of 2nd period - Shot by Dustin Brown.
8:46 of 2nd period - Shot Blocked by Tyson Barrie.
8:48 of 2nd period - Shot by Antoine Vermette.
8:48 of 2nd period - Shot Misses the Net.
8:50 of 2nd period - Shot by John Carlson.
8:50 of 2nd period - Stopped by Jake Allen without a rebound.
8:51 of 2nd period - Mike Cammalleri wins face-off versus Riley Sheahan in Avalanche zone.
9:08 of 2nd period - Shot by John Carlson.
9:08 of 2nd period - Shot Misses the Net.
9:10 of 2nd period - Shot by Alec Martinez.
9:10 of 2nd period - Shot Blocked by Kevin Bieksa.
9:12 of 2nd period - Shot by James van Riemsdyk.
9:12 of 2nd period - Stopped by Jake Allen with a rebound.
9:14 of 2nd period - Shot by Kyle Palmieri.
9:14 of 2nd period - Stopped by Jake Allen without a rebound.
9:15 of 2nd period - Antoine Vermette wins face-off versus Matt Cullen in Avalanche zone.
9:47 of 2nd period - Shot by Dustin Brown.
9:47 of 2nd period - Shot Misses the Net.
9:49 of 2nd period - Shot by Jarome Iginla.
9:49 of 2nd period - Shot Misses the Net.
10:19 of 2nd period - Shot by James van Riemsdyk.
10:19 of 2nd period - Deflect By Kyle Palmieri.
10:19 of 2nd period - Shot Blocked by Jaccob Slavin.
10:21 of 2nd period - Shot by Josh Gorges.
10:21 of 2nd period - Stopped by Jake Allen without a rebound.
10:22 of 2nd period - Derek Stepan wins face-off versus Peter Holland in Avalanche zone.
10:55 of 2nd period - Shot by Gabriel Bourque.
10:55 of 2nd period - Shot Misses the Net.
11:04 of 2nd period - Derek Stepan is hit by Devante Smith-Pelly and loses puck.
13:15 of 2nd period - Mike Cammalleri is hit by Mark Stuart and loses puck.
13:18 of 2nd period - Shot by Mike Cammalleri.
13:18 of 2nd period - Stopped by Jake Allen without a rebound.
13:19 of 2nd period - Matt Cullen wins face-off versus Peter Holland in Avalanche zone.
13:19 of 2nd period - Matt Cullen is hit by Gabriel Bourque.
13:44 of 2nd period - Icing by Matt Cullen.
13:45 of 2nd period - Matt Cullen wins face-off versus Mike Cammalleri in Avalanche zone.
14:05 of 2nd period - Shot by Kyle Palmieri.
14:05 of 2nd period - Shot Misses the Net.
14:21 of 2nd period - Shot by Mike Cammalleri.
14:21 of 2nd period - Shot Blocked by Jaccob Slavin.
14:23 of 2nd period - Shot by Kyle Palmieri.
14:23 of 2nd period - Stopped by Jake Allen with a rebound.
14:26 of 2nd period - Minor Penalty to Kevin Shattenkirk for Holding.
14:27 of 2nd period - Dylan Larkin wins face-off versus Antoine Vermette in Avalanche zone.
14:40 of 2nd period - Sami Vatanen is hit by Dustin Brown and loses puck.
14:41 of 2nd period - Sami Vatanen from Avalanche is injured at 14:41 of 2nd period (Right Hip).
14:42 of 2nd period - Antoine Vermette wins face-off versus Riley Sheahan in Avalanche zone.
14:47 of 2nd period - Shot by Justin Faulk.
14:47 of 2nd period - Shot Blocked by Riley Sheahan.
14:49 of 2nd period - Shot by Justin Faulk.
14:49 of 2nd period - Stopped by Jake Allen without a rebound.
14:50 of 2nd period - Matt Cullen wins face-off versus Mike Cammalleri in Avalanche zone.
15:11 of 2nd period - Shot by James van Riemsdyk.
15:11 of 2nd period - Stopped by Jake Allen without a rebound.
15:12 of 2nd period - Antoine Vermette wins face-off versus Joakim Nordstrom in Avalanche zone.
15:17 of 2nd period - Shot by Justin Faulk.
15:17 of 2nd period - Shot Misses the Net.
15:40 of 2nd period - Jaccob Slavin is hit by Dustin Brown and loses puck.
16:11 of 2nd period - Shot by John Carlson.
16:11 of 2nd period - Stopped by Jake Allen without a rebound.
16:12 of 2nd period - Matt Cullen wins face-off versus Mike Cammalleri in Avalanche zone.
16:31 of 2nd period - Shot by Gabriel Bourque.
16:31 of 2nd period - Shot Hit the Post.
16:37 of 2nd period - Shot by Gabriel Bourque.
16:37 of 2nd period - Shot Misses the Net.
17:02 of 2nd period - Shot by Peter Holland.
17:02 of 2nd period - Shot Misses the Net.
17:59 of 2nd period - Shot by Alexander Steen.
17:59 of 2nd period - Stopped by Andrei Vasilevskiy without a rebound.
18:00 of 2nd period - Antoine Vermette wins face-off versus Tomas Hertl in Flames zone.
18:00 of 2nd period - Antoine Vermette is hit by Max Domi.
18:25 of 2nd period - Shot by Tomas Hertl.
18:25 of 2nd period - Goal by Tomas Hertl - Avalanche : 2 - Flames : 2.
18:26 of 2nd period - Andrej Nestrasil wins face-off versus Martin Hanzal in neutral zone.
18:29 of 2nd period - Kevin Shattenkirk is hit by Daniel Carr and loses puck.
18:56 of 2nd period - Minor Penalty to Martin Hanzal for Holding.
18:57 of 2nd period - Antoine Vermette wins face-off versus Joakim Nordstrom in Avalanche zone.
19:06 of 2nd period - Shot by Justin Faulk.
19:06 of 2nd period - Stopped by Jake Allen without a rebound.
19:07 of 2nd period - Antoine Vermette wins face-off versus Matt Cullen in Avalanche zone.
19:10 of 2nd period - Shot by Antoine Vermette.
19:10 of 2nd period - Shot Blocked by Jaccob Slavin.
Goals for this period are 1 for Avalanche vs 0 for Flames.
Shots for this period are 5 for Avalanche vs 15 for Flames.

3rd period


0:01 of 3rd period - Mike Cammalleri wins face-off versus Matt Cullen in neutral zone.
0:22 of 3rd period - Shot by Kyle Palmieri.
0:22 of 3rd period - Shot Misses the Net.
0:47 of 3rd period - Matt Cullen is hit by Kyle Palmieri and loses puck.
1:04 of 3rd period - Shot by David Backes.
1:04 of 3rd period - Shot Misses the Net.
1:06 of 3rd period - Shot by Derek Stepan.
1:06 of 3rd period - Stopped by Andrei Vasilevskiy without a rebound.
1:07 of 3rd period - Martin Hanzal wins face-off versus Antoine Vermette in Flames zone.
1:17 of 3rd period - Minor Penalty to Jared Spurgeon for Holding.
1:18 of 3rd period - Derek Stepan wins face-off versus Mike Cammalleri in Flames zone.
1:19 of 3rd period - Shot by Tomas Hertl.
1:19 of 3rd period - Shot Misses the Net.
1:43 of 3rd period - Shot by Tomas Hertl.
1:43 of 3rd period - Stopped by Andrei Vasilevskiy without a rebound.
1:44 of 3rd period - Martin Hanzal wins face-off versus Kyle Palmieri in Flames zone.
2:05 of 3rd period - Shot by Martin Hanzal.
2:05 of 3rd period - Stopped by Andrei Vasilevskiy without a rebound.
2:06 of 3rd period - Derek Stepan wins face-off versus Kyle Palmieri in Flames zone.
2:09 of 3rd period - Shot by Jeff Skinner.
2:09 of 3rd period - Shot Misses the Net.
2:32 of 3rd period - Shot by Kevin Shattenkirk.
2:32 of 3rd period - Stopped by Andrei Vasilevskiy with a rebound.
4:12 of 3rd period - Off-side.
4:13 of 3rd period - Antoine Vermette wins face-off versus Martin Hanzal in neutral zone.
4:28 of 3rd period - Icing by Kevin Shattenkirk.
4:29 of 3rd period - Andrej Nestrasil wins face-off versus Martin Hanzal in Avalanche zone.
4:29 of 3rd period - Mike Cammalleri is hit by Kevin Shattenkirk and loses puck.
4:38 of 3rd period - Shot by Alexander Steen.
4:38 of 3rd period - Stopped by Andrei Vasilevskiy without a rebound.
4:39 of 3rd period - Derek Stepan wins face-off versus Dustin Brown in Flames zone.
5:01 of 3rd period - Shot by Derek Stepan.
5:01 of 3rd period - Stopped by Andrei Vasilevskiy with a rebound.
5:03 of 3rd period - Shot by David Backes.
5:03 of 3rd period - Shot Misses the Net.
5:05 of 3rd period - Shot by Jeff Skinner.
5:05 of 3rd period - Shot Misses the Net.
5:07 of 3rd period - Shot by Tyson Barrie.
5:07 of 3rd period - Shot Blocked by John Carlson.
5:57 of 3rd period - Shot by Max Domi.
5:57 of 3rd period - Stopped by Andrei Vasilevskiy without a rebound.
5:58 of 3rd period - Peter Holland wins face-off versus Martin Hanzal in Flames zone.
6:30 of 3rd period - Martin Hanzal is hit by Kevan Miller.
6:32 of 3rd period - Shot by Alexander Steen.
6:32 of 3rd period - Shot Misses the Net.
6:34 of 3rd period - Shot by Kevin Bieksa.
6:34 of 3rd period - Stopped by Andrei Vasilevskiy without a rebound.
6:35 of 3rd period - James van Riemsdyk wins face-off versus Derek Stepan in Flames zone.
7:11 of 3rd period - Mike Cammalleri is hit by Kevin Shattenkirk and loses puck.
8:09 of 3rd period - Shot by Alexander Steen.
8:09 of 3rd period - Shot Misses the Net.
8:11 of 3rd period - Shot by Martin Hanzal.
8:11 of 3rd period - Shot Misses the Net.
9:13 of 3rd period - Double Minor Penalty to Kevin Bieksa for Slashing.
9:14 of 3rd period - Riley Sheahan wins face-off versus Mike Cammalleri in Avalanche zone.
9:14 of 3rd period - Riley Sheahan is hit by James van Riemsdyk.
9:25 of 3rd period - Shot by James van Riemsdyk.
9:25 of 3rd period - Stopped by Jake Allen without a rebound.
9:26 of 3rd period - Riley Sheahan wins face-off versus Mike Cammalleri in Avalanche zone.
10:52 of 3rd period - Icing by Alec Martinez.
10:53 of 3rd period - Riley Sheahan wins face-off versus Mike Cammalleri in Flames zone.
10:54 of 3rd period - Shot by Alexander Steen.
10:54 of 3rd period - Shot Misses the Net.
11:14 of 3rd period - Jaccob Slavin is hit by Kyle Palmieri and loses puck.
12:40 of 3rd period - Shot by Gabriel Bourque.
12:40 of 3rd period - Shot Blocked by David Backes.
12:42 of 3rd period - Shot by Brady Skjei.
12:42 of 3rd period - Shot Misses the Net.
12:46 of 3rd period - Shot by Gabriel Bourque.
12:46 of 3rd period - Shot Misses the Net.
12:58 of 3rd period - Shot by Peter Holland.
12:58 of 3rd period - Shot Blocked by Joakim Nordstrom.
13:00 of 3rd period - Shot by Gabriel Bourque.
13:00 of 3rd period - Goal by Gabriel Bourque - Avalanche : 2 - Flames : 3.
13:01 of 3rd period - Andrej Nestrasil wins face-off versus Derek Stepan in neutral zone.
13:03 of 3rd period - Off-side.
13:04 of 3rd period - Devante Smith-Pelly wins face-off versus Derek Stepan in neutral zone.
13:08 of 3rd period - Minor Penalty to Mark Stuart for Slashing.
13:09 of 3rd period - Antoine Vermette wins face-off versus Riley Sheahan in Avalanche zone.
13:12 of 3rd period - Shot by Dustin Brown.
13:12 of 3rd period - Stopped by Jake Allen with a rebound.
13:14 of 3rd period - Shot by Dustin Brown.
13:14 of 3rd period - Shot Misses the Net.
13:16 of 3rd period - Shot by Jared Spurgeon.
13:16 of 3rd period - Stopped by Jake Allen without a rebound.
13:17 of 3rd period - Mike Cammalleri wins face-off versus Riley Sheahan in Avalanche zone.
13:17 of 3rd period - Mike Cammalleri is hit by Kevin Bieksa.
13:19 of 3rd period - Shot by Justin Faulk.
13:19 of 3rd period - Shot Misses the Net.
13:39 of 3rd period - Shot by Jared Spurgeon.
13:39 of 3rd period - Shot Misses the Net.
13:41 of 3rd period - Shot by Jared Spurgeon.
13:41 of 3rd period - Stopped by Jake Allen without a rebound.
13:42 of 3rd period - Riley Sheahan wins face-off versus Jarome Iginla in Avalanche zone.
13:53 of 3rd period - Riley Sheahan is hit by Antoine Vermette and loses puck.
14:06 of 3rd period - Shot by Dustin Brown.
14:06 of 3rd period - Shot Misses the Net.
14:08 of 3rd period - Shot by Dustin Brown.
14:08 of 3rd period - Shot Misses the Net.
14:22 of 3rd period - Shot by Antoine Vermette.
14:22 of 3rd period - Deflect By Dustin Brown.
14:22 of 3rd period - Shot Blocked by Kevin Bieksa.
14:24 of 3rd period - Shot by Dustin Brown.
14:24 of 3rd period - Shot Misses the Net.
14:26 of 3rd period - Shot by Antoine Vermette.
14:26 of 3rd period - Shot Blocked by Matt Cullen.
15:26 of 3rd period - Shot by Peter Holland.
15:26 of 3rd period - Shot Misses the Net.
16:32 of 3rd period - Shot by Mike Cammalleri.
16:32 of 3rd period - Stopped by Jake Allen with a rebound.
16:34 of 3rd period - Shot by Daniel Carr.
16:34 of 3rd period - Stopped by Jake Allen without a rebound.
16:35 of 3rd period - Antoine Vermette wins face-off versus Martin Hanzal in Avalanche zone.
16:48 of 3rd period - Shot by Alexander Steen.
16:48 of 3rd period - Shot Misses the Net.
16:58 of 3rd period - Martin Hanzal is hit by Dustin Brown.
17:09 of 3rd period - Martin Hanzal is hit by Dustin Brown and loses puck.
17:31 of 3rd period - Icing by Tyson Barrie.
17:32 of 3rd period - Martin Hanzal wins face-off versus Peter Holland in Avalanche zone.
17:52 of 3rd period - Shot by Derek Stepan.
17:52 of 3rd period - Shot Blocked by Alec Martinez.
17:54 of 3rd period - Shot by Derek Stepan.
17:54 of 3rd period - Shot Blocked by John Carlson.
17:58 of 3rd period - Shot by David Backes.
17:58 of 3rd period - Shot Misses the Net.
18:00 of 3rd period - Shot by Kevin Shattenkirk.
18:00 of 3rd period - Shot Misses the Net.
18:02 of 3rd period - Shot by David Backes.
18:02 of 3rd period - Stopped by Andrei Vasilevskiy without a rebound.
18:03 of 3rd period - Tomas Hertl wins face-off versus Mike Cammalleri in Flames zone.
18:03 of 3rd period - Tomas Hertl is hit by Kevan Miller.
18:44 of 3rd period - Avalanche, Jake Allen is pulled from the net.
18:44 of 3rd period - Shot by Tomas Hertl.
18:44 of 3rd period - Shot Blocked by Kevan Miller.
19:05 of 3rd period - Icing by James van Riemsdyk.
19:06 of 3rd period - Derek Stepan wins face-off versus Mike Cammalleri in Flames zone.
19:06 of 3rd period - Derek Stepan is hit by Kevan Miller.
19:08 of 3rd period - Shot by Mats Zuccarello.
19:08 of 3rd period - Shot Misses the Net.
19:26 of 3rd period - Icing by Peter Holland.
19:27 of 3rd period - Andrej Nestrasil wins face-off versus Derek Stepan in Flames zone.
19:50 of 3rd period - Shot by Derek Stepan.
19:50 of 3rd period - Shot Misses the Net.
Goals for this period are 0 for Avalanche vs 1 for Flames.
Shots for this period are 9 for Avalanche vs 7 for Flames.